 Dungeon Crawl Stone Soup version 0.29.1-15-g9cfb28693d (webtiles) character file.

Game seed: 2294507607743801296

742 cowcol the Chopper (level 7, -1/61 HPs)
             Began as a Minotaur Fighter on Feb 23, 2023.
             Succumbed to a killer bee's poison
             ... on level 6 of the Dungeon.
             The game lasted 00:10:36 (4911 turns).

cowcol the Chopper (Minotaur Fighter)               Turns: 4911, Time: 00:10:37

Health: -1/61      AC: 10    Str: 20    XL:     7   Next: 47%
Magic:  6/6        EV:  7    Int:  5    God:
Gold:   274        SH:  4    Dex: 12    Spells: 6/6 levels left

rFire   . . .      SeeInvis .   u - +2 war axe (vorpal)
rCold   . . .      Faith    .   c - +0 buckler
rNeg    . . .      Spirit   .   s - +0 chain mail
rPois   .          Reflect  .   (helmet restricted)
rElec   .          Harm     .   (no cloak)
rCorr   .          Rampage  .   (no gloves)
Will    .....                   (no boots)
Stlth   ..........              (no amulet)
HPRegen 0.20/turn               (no ring)
MPRegen 0.10/turn               (no ring)

@: lethally poisoned (-1 -> -18)
A: horns 2, retaliatory headbutt
a: no special abilities


You were on level 6 of the Dungeon.
You visited 1 branch of the dungeon, and saw 6 of its levels.

You collected 274 gold pieces.

Inventory:

Hand Weapons
 a - a +0 war axe
 d - a +0 dagger
 o - a +0 vorpal hand axe
 u - a +2 vorpal war axe (weapon)
Missiles
 y - 6 silver boomerangs (quivered)
Armour
 b - a +0 scale mail
 c - a +0 buckler (worn)
 s - a +0 chain mail (worn)
Jewellery
 h - an amulet of faith
 k - a ring of magical power
 l - a ring of ice
Wands
 r - a wand of mindburst (20)
 x - a wand of charming (17)
Scrolls
 f - a scroll of amnesia
 i - 2 scrolls of poison
 j - 4 scrolls of butterflies
 n - a scroll of magic mapping
 v - a scroll of teleportation {unknown}
Potions
 e - 3 potions of curing
 g - a potion of ambrosia {unknown}
 m - a potion of cancellation {unknown}
 p - 2 potions of heal wounds
 q - a potion of haste {unknown}
 t - a potion of flight {unknown}
 w - a potion of lignification {unknown}
 z - a potion of mutation {unknown}
 A - a potion of magic {unknown}


   Skills:
 + Level 5.6 Fighting
 + Level 7.4 Axes
 + Level 6.6 Armour
 - Level 3.6 Shields


You had 6 spell levels left.
You didn't know any spells.
Your spell library contained the following spells:

 Spells                   Type           Power      Damage    Failure   Level
 Necrotise                Necr           0%         1d4       99%         1
 Sting                    Tmut/Pois      0%         1d3       99%         1
 Poisonous Vapours        Pois/Air       0%         N/A       100%        2
 Inner Flame              Hex/Fire       0%         N/A       100%        3
 Vampiric Draining        Necr           0%         2d6       100%        3
 Cause Fear               Hex            0%         N/A       100%        4
 Olgreb's Toxic Radiance  Pois           0%         N/A       100%        4
 Agony                    Necr           0%         N/A       100%        5
 Discord                  Hex            0%         N/A       100%        8


Dungeon Overview and Level Annotations

Branches:
Dungeon (6/15)
 Temple: D:4-7

Altars:
Cheibriados
Fedhas
Qazlal
Trog
Uskayaw
The Shining One

Shops:
D:4 (


Innate Abilities, Weirdness & Mutations

You have a pair of horns on your head.
You reflexively headbutt those who attack you in melee.


Message History

You are poisoned.
The killer bee poisons you!
You closely miss the killer bee.
You feel sick. You block the killer bee's attack. The killer bee stings you!
You are more poisoned.
The killer bee poisons you! You block the killer bee's attack.
You barely miss the killer bee.
You feel very sick. The killer bee stings you! The killer bee stings you.
You miss the killer bee.
You feel very sick.
The killer bee stings you but does no damage.
The killer bee stings you.
* * * LOW HITPOINT WARNING * * *
You are more poisoned.
The killer bee poisons you!
The killer bee stings you but does no damage.
You closely miss the killer bee.
* * * LOW HITPOINT WARNING * * *
You feel very sick. You block the killer bee's attack.
The killer bee stings you.
* * * LOW HITPOINT WARNING * * *
You closely miss the killer bee.
* * * LOW HITPOINT WARNING * * *
You feel very sick.
The killer bee stings you but does no damage.
The killer bee closely misses you.
You slash the killer bee! Your headbutt misses the killer bee.
The killer bee is almost dead.
* * * LOW HITPOINT WARNING * * *
You feel very sick. The killer bee stings you.
* * * LOW HITPOINT WARNING * * *
You are more poisoned.
The killer bee poisons you!
The killer bee stings you but does no damage.
The killer bee barely misses you.
You closely miss the killer bee. Your headbutt misses the killer bee.
The killer bee is almost dead.
You die...

......... #.. #
.......## #.#
##. ##
#.#.....###.#
.... ..
#.#.<.......####
....##.
#.#.....##.)....
.......
#.##...####.....
..... #.##..##
#.#.#.
#?y###.##..#
#.....
#.yy@......#
#.#.#.
#.####.###.#
#..... #
#........ ....##
#..##.#######.#
#..##.# #.
#..##.# #... ..
.... .. #....


You could see 3 killer bees.

Vanquished Creatures
  Sigmund (D:2)
  A bullfrog (D:6)
  A necrophage (D:6)
  2 scorpions (D:5)
  3 hounds
  An iguana (D:5)
  2 orc wizards (D:5)
  Robin (D:2)
  4 adders
  9 worms
  4 dart slugs
  12 orcs
  5 ball pythons
  9 endoplasms
  4 giant cockroaches
  12 goblins
  6 hobgoblins
  2 jackals (D:3)
  4 kobolds
  2 quokkas (D:1)
  11 bats
  2 frilled lizards
  6 rats
104 creatures vanquished.

Notes
Turn   | Place    | Note
-------+----------+-------------------------------------------
     0 | D:1      | cowcol the Minotaur Fighter began the quest for the Orb.
     0 | D:1      | Reached XP level 1. HP: 19/19 MP: 0/0
   210 | D:1      | Reached XP level 2. HP: 27/27 MP: 1/1
   939 | D:2      | Reached skill level 3 in Axes
   939 | D:2      | Reached XP level 3. HP: 33/33 MP: 2/2
   968 | D:2      | Found a snail-covered altar of Cheibriados.
  1163 | D:2      | Noticed Sigmund
  1171 | D:2      | Killed Sigmund
  1172 | D:2      | Reached skill level 4 in Axes
  1172 | D:2      | Reached skill level 5 in Armour
  1172 | D:2      | Reached XP level 4. HP: 23/41 MP: 3/3
  1172 | D:2      | Reached XP level 5. HP: 27/47 MP: 4/4
  1460 | D:2      | Noticed Robin
  1463 | D:2      | Reached skill level 5 in Axes
  1487 | D:2      | Killed Robin
  1870 | D:2      | Found a faded altar of an unknown god.
  2091 | D:3      | Found a glowing golden altar of the Shining One.
  2216 | D:3      | Reached XP level 6. HP: 55/55 MP: 5/5
  2317 | D:3      | Found a stormy altar of Qazlal.
  2464 | D:3      | Reached skill level 5 in Fighting
  3108 | D:4      | Found a snail-covered altar of Cheibriados.
  3293 | D:4      | Found a blossoming altar of Fedhas.
  3358 | D:4      | Found Mulawk's Weapon Emporium.
  3607 | D:5      | Entered Level 5 of the Dungeon
  3622 | D:5      | Reached skill level 6 in Axes
  4075 | D:5      | Reached XP level 7. HP: 61/61 MP: 6/6
  4207 | D:5      | Found a hide-covered altar of Uskayaw.
  4222 | D:5      | Found a bloodstained altar of Trog.
  4259 | D:5      | Reached skill level 7 in Axes
  4910 | D:6      | HP: 3/61 [killer bee (4)]
  4911 | D:6      | Succumbed to a killer bee's poison

Illustrated notes

Levels and vault maps discovered:
D:1:      lordsloth_arrival_two_stooges, layout_basic, minmay_liquid_box,
          minmay_splitting_lines
D:2:      layout_loops_ring, basic_altar, nicolae_ecumenical_snake_handling,
          uniq_sigmund, uniq_robin
D:3:      layout_basic, overflow_temple_1_default,
          mainiacjoe_overflow_concentric_impassable, nicolae_wormholes
D:4:      layout_rooms, fedhas_altar_4, kennysheep_slug_shrine, serial_shops,
          nicolae_shop_bloodbath_and_beyond
D:5:      layout_basic, nicolae_overflow_crystal_walls, old_standard_altar,
          minmay_misc_feat_encased
D:6:      layout_loops_ring, lemuel_doored_altar,
          mainiacjoe_overflow_catch_the_wave, minmay_temple_entry_hall,
          serial_shops, shop, chequers_avenue, kennysheep_generic_room_3,
          uniq_crazy_yiuf_cottage, uniq_prince_ribbit1

Skill      XL: |  1  2  3  4  5  6  7 |
---------------+----------------------+-----
Fighting       | 4 5 |  5.6
Armour         | 4 5 6 |  6.6
Axes           | 3 4 5 6 7 |  7.4
Shields        | |  3.6

Action                   |  1- 3 |  4- 6 |  7- 9 || total
-------------------------+-------+-------+-------++-------
Melee: War axe           |    54 |   157 |    36 ||   247
       Headbutt          |     9 |    23 |     5 ||    37
  Use: Scroll            |     4 |     7 |       ||    11
       Potion            |     1 |     1 |       ||     2
Armor: Scale mail        |    26 |    41 |       ||    67
       Chain mail        |       |    16 |    16 ||    32
Dodge: Dodged            |    35 |    54 |    20 ||   109
Block: Buckler           |     7 |    37 |     7 ||    51
